 Dungeon Crawl Stone Soup version 0.26-a0-834-g69557b85cc (webtiles) character file.

Game seed: 3149548584839415395

88 robertstho the Vandal (level 4, -2/30 HPs)
             Began as a Halfling Hunter on Nov 16, 2020.
             Killed by divine providence
             ... invoked by an orc priest
              (15 damage)
             ... on level 3 of the Dungeon.
             The game lasted 00:02:12 (1968 turns).

robertstho the Vandal (Halfling Hunter)             Turns: 1968, Time: 00:02:12

Health: -2/30      AC: 10    Str: 13    XL:     4   Next: 82%
Magic:  4/4        EV:  5    Int:  9    God:
Gold:   119        SH:  0    Dex: 15    Spells: 3/3 levels left

rFire    . . .     SeeInvis .   a - +1 hunting sling
rCold    . . .     Faith    .   (shield restricted)
rNeg     . . .     Spirit   .   f - +0 plate armour
rPois    .         Reflect  .   (no helmet)
rElec    .         Harm     .   (no cloak)
rCorr    .         Rampage  .   (no gloves)
MR       .....                  (no boots)
Stlth    ..........             (no amulet)
HPRegen  0.10/turn              (no ring)
MPRegen  0.09/turn              (no ring)

@: no status effects
A: small, mutation resistance 1
a: no special abilities


You were on level 3 of the Dungeon.
You visited 1 branch of the dungeon, and saw 3 of its levels.

You collected 119 gold pieces.

Inventory:

Hand Weapons
 a - a +1 hunting sling (weapon)
 b - a +0 short sword
Missiles
 i - 63 stones (quivered)
Armour
 c - a +0 leather armour
 f - a +0 plate armour (worn)
Wands
 r - a wand of acid (8)
Scrolls
 k - 2 scrolls of teleportation {unknown}
 l - a scroll of fog {unknown}
 n - a scroll of identify {unknown}
 q - a scroll of enchant armour {unknown}
 s - a scroll of noise {unknown}
 u - a scroll of blinking {unknown}
Potions
 e - 2 potions of brilliance {unknown}
 g - a potion of heal wounds {unknown}
 h - 2 potions of flight {unknown}
 j - 2 potions of attraction {unknown}
 m - a potion of resistance {unknown}
 o - a potion of might {unknown}
 p - 4 potions of haste {unknown}
 t - a potion of ambrosia {unknown}


   Skills:
 * Level 2.3 Fighting
 * Level 7.8 Slings
 * Level 0.6 Armour
 + Level 2.1 Dodging
 + Level 1.2 Stealth


You had 3 spell levels left.
You didn't know any spells.
Your spell library contained the following spells:

 Spells                   Type           Power        Failure   Level
 Animate Skeleton         Necr           #.....       100%        1
 Pain                     Necr           #...         100%        1
 Vampiric Draining        Necr           #.........   100%        3
 Animate Dead             Necr           #.........   100%        4
 Agony                    Necr           #.......     100%        5


Dungeon Overview and Level Annotations

Branches:
Dungeon (3/15)

Altars:


Innate Abilities, Weirdness & Mutations

You are small and have problems with some larger weapons.
You are somewhat resistant to further mutation.


Message History

The orc hits you with a +0 mace of protection.
You shoot a stone. The stone hits the orc.
The orc is severely wounded.
The orc hits you with a +0 mace of protection.
The orc priest calls upon Beogh to heal the orc.
The orc's wounds heal themselves!
You shoot a stone.
The stone closely misses the orc priest.
You shoot a stone. The stone hits the orc priest.
The orc priest is lightly wounded.
The orc priest hits you with a +0 whip.
You shoot a stone. The stone barely misses the orc priest.
The stone hits the orc wizard.
The orc wizard is moderately wounded.
The orc priest calls down the wrath of Beogh upon you.
Beogh smites you!
The orc priest invokes the aid of Beogh against you.
Beogh smites you!
Ouch! That really hurt!
You die...

... #...#..# .. #.#.....
..# #.###..# ..# #.#
#..# ####.(# #.# #..#
.oo(###.. #.# #..#
#oo(((... #.# #..# #.#
#.# #..# #@# #.# #..#
#.# ### ##.# #######.#
#.#
..≈≈≈...##############.#
#######........†........
........################
#########


You could see an orc priest and 3 orcs.

Vanquished Creatures
  3 adders
  An ooze (D:1)
  A worm (D:2)
  4 dart slugs
  2 giant cockroaches (D:2)
  4 hobgoblins
  10 kobolds
  A ball python (D:3)
  7 bats
  5 frilled lizards
  7 goblins
  6 rats
51 creatures vanquished.

Notes
Turn   | Place    | Note
-------+----------+-------------------------------------------
     0 | D:1      | robertstho the Halfling Hunter began the quest for the Orb.
     0 | D:1      | Reached XP level 1. HP: 14/14 MP: 1/1
    99 | D:1      | Reached skill level 6 in Slings
   241 | D:1      | Reached XP level 2. HP: 19/19 MP: 2/2
   558 | D:1      | Reached XP level 3. HP: 24/24 MP: 3/3
   696 | D:1      | Reached skill level 7 in Slings
  1109 | D:2      | Reached XP level 4. HP: 27/29 MP: 4/4
  1968 | D:3      | Killed from afar by an orc priest

Illustrated notes

Levels and vault maps discovered:
D:1:      wander_arrival_chamber, layout_loops_ring, st_stairs_7
D:2:      layout_loops_cross, minmay_between
D:3:      layout_basic, zin_scriptorium, corexii_corridor_pit,
          grunt_qazlal_clouds

Skill      XL: |  1  2  3 |
---------------+----------+-----
Slings         | 6 7 |  7.8
Fighting       | 2 |  2.3
Armour         | |  0.6
Dodging        | |  2.1
Stealth        | |  1.2

Action                   |  1- 3 |  4- 6 || total
-------------------------+-------+-------++-------
 Fire: Hunting sling     |    98 |    70 ||   168
Armor: Plate armour      |    25 |    19 ||    44
Dodge: Dodged            |     6 |     6 ||    12

Table legend: (Time is in decaauts)
 A = Elapsed time spent in this place.
 B = Non-inter-level travel time spent in this place.
 C = Inter-level travel time spent in this place.
 D = Time resting spent in this place.
 E = Time spent auto-exploring this place.
 F = Levels seen in this place.
 G = Mean time per level.
                   A        B        C        D        E       F      G
               +--------+--------+--------+--------+--------+-----+--------+
         Total |   1941 |   1862 |     79 |      0 |   1597 |   3 |  647.0 |
       Dungeon |   1941 |   1862 |     79 |      0 |   1597 |   3 |  647.0 |
               +--------+--------+--------+--------+--------+-----+--------+

Top non-repeatable levels by time:
     D:1: 1012 daAuts
     D:2: 660 daAuts
     D:3: 268 daAuts
